 Dungeon Crawl Stone Soup version 0.25-a0-1137-g7f6bfe439b (webtiles) character file.

Game seed: 16064768738611742233, levelgen mode: deterministic

14134 Lanoc the Nimble (level 12, -1/94 HPs)
             Began as a Gnoll Gladiator on May 24, 2020.
             Was an Elder of Makhleb.
             Slain by a centaur warrior zombie (4 damage)
             ... on level 11 of the Dungeon.
             The game lasted 00:13:50 (8880 turns).

Lanoc the Nimble (Gnoll Gladiator)                  Turns: 8880, Time: 00:13:51

Health: -1/94      AC: 11    Str: 20    XL:     12   Next: 13%
Magic:  22/22      EV: 18    Int: 11    God:    Makhleb [****..]
Gold:   394        SH: 12    Dex: 25    Spells: 24/24 levels left

rFire    . . .     SeeInvis .   a - +3 war axe (freeze)
rCold    . . .     Gourm    .   t - +0 kite shield
rNeg     . . .     Faith    .   q - +1 ring mail of Xeongeq {Dex+5}
rPois    +         Spirit   .   c - +0 helmet
rElec    .         Reflect  .   E - +1 cloak
rCorr    .         Harm     .   (no gloves)
MR       .....                  (no boots)
Stlth    +++.......             k - amulet of the acrobat
HPRegen  0.25/turn              l - ring of poison resistance
MPRegen  0.18/turn              y - ring of wizardry

@: no status effects
A: distributed training, fangs 1, screaming 1, strong 1, strong nose
a: Minor Destruction, Lesser Servant of Makhleb, Major Destruction, Renounce
Religion


You were on level 11 of the Dungeon.
You worshipped Makhleb.
Makhleb was greatly pleased with you.
You were hungry.

You visited 2 branches of the dungeon, and saw 12 of its levels.
You also visited: Bailey.

You collected 394 gold pieces.

Inventory:

Hand Weapons
 a - a +3 war axe of freezing (weapon)
Missiles
 d - 6 throwing nets (quivered)
 j - 104 bolts
 p - 207 arrows
 D - 2 atropa-tipped darts
Armour
 c - a +0 helmet (worn)
 q - the +1 ring mail of Xeongeq (worn) {Dex+5}
   (You found it on level 4 of the Dungeon)

   It affects your dexterity (+5).
 t - a +0 kite shield (worn)
 E - a +1 cloak (worn)
Jewellery
 k - an amulet of the acrobat (around neck)
 l - a ring of poison resistance (left hand)
 y - a ring of wizardry (right hand)
Wands
 b - a wand of acid (11)
 n - a wand of iceblast (7)
 o - a wand of digging (2)
 G - a wand of flame (71)
 I - a wand of clouds (7)
 J - a wand of disintegration (14)
Scrolls
 e - a scroll of remove curse
 g - a scroll of magic mapping
 h - a scroll of blinking
 m - 5 scrolls of identify
 r - 2 scrolls of teleportation
 s - a scroll of fog
 u - a scroll of brand weapon
 w - a scroll of fear {unknown}
 x - 4 scrolls of enchant armour
 z - 3 scrolls of immolation
 A - 4 scrolls of enchant weapon
 B - a scroll of amnesia
Potions
 i - a potion of stabbing
 H - 2 potions of flight
Comestibles
 f - 13 rations


   Skills:
 + Level 8.3 Fighting
 + Level 6.8 Short Blades
 + Level 6.8 Long Blades
 + Level 9.5 Axes
 + Level 6.8 Maces & Flails
 + Level 6.8 Polearms
 + Level 6.8 Staves
 + Level 6.8 Slings
 + Level 6.8 Bows
 + Level 6.8 Crossbows
 + Level 8.3 Throwing
 + Level 6.8 Armour
 + Level 9.5 Dodging
 + Level 6.8 Stealth
 + Level 6.8 Shields
 + Level 6.8 Unarmed Combat
 + Level 6.8 Spellcasting
 + Level 5.7 Conjurations
 + Level 5.7 Hexes
 + Level 5.7 Charms
 + Level 5.7 Summonings
 + Level 5.7 Necromancy
 + Level 5.7 Translocations
 + Level 5.7 Transmutations
 + Level 5.7 Fire Magic
 + Level 5.7 Ice Magic
 + Level 5.7 Air Magic
 + Level 5.7 Earth Magic
 + Level 5.7 Poison Magic
 + Level 7.5 Invocations
 + Level 6.8 Evocations


You had 24 spell levels left.
You didn't know any spells.
Your spell library contained the following spells:

 Spells                   Type           Power        Failure   Level  Hunger
 Confusing Touch          Hex            ###.....     9%          3    ###....
 Gell's Gravitas          Tloc           ###.......   9%          3    ###....
 Petrify                  Tmut/Erth      ###.....     28%         4    ####...
 Metabolic Englaciation   Hex/Ice        ###.......   61%         5    ######.
 Yara's Violent Unravell  Hex/Tmut       ###.......   61%         5    ######.


Dungeon Overview and Level Annotations

Branches:
Dungeon (11/15)            Temple (1/1) D:6             Orc (0/2) D:9
 Bailey (visited)
   Lair: D:8-11

Altars:
Elyvilon
Fedhas
Hepliaklqana
Makhleb
Nemelex Xobeh
Okawaru
Sif Muna
Xom
Yredelemnul
Jiyva

Shops:
D:4 (   D:9 **

Annotations:
D:4 3 runed translucent doors, Amnesiac's ghost, novice DEFi
D:8 3 runed translucent doors, kae's ghost, novice MfIE


Innate Abilities, Weirdness & Mutations

Your experience applies equally to all skills.
You have very sharp teeth.
Your uncanny sense of smell can sniff out nearby items.
You occasionally shout uncontrollably at your foes.
Your muscles are strong. (Str +2)


Message History

Something hits you but does no damage. Something bites you but does no damage.
You slash something! You freeze something.
You slash the centaur warrior zombie!
You block the centaur warrior zombie's attack.
An iguana comes into view.
Something hits you.
* * * LOW HITPOINT WARNING * * *
Something bites you but does no damage. The centaur warrior zombie misses you.
The iguana hisses angrily.
You hit something but do no damage. You hit the centaur warrior zombie.
The centaur warrior zombie hits you but does no damage.
Unholy energy fills the air.
* * * LOW HITPOINT WARNING * * *
Unknown command.
You hit something. You slash the centaur warrior zombie!
The centaur warrior zombie hits you but does no damage.
Unholy energy fills the air.
* * * LOW HITPOINT WARNING * * *
The centaur warrior zombie hits you.
You die...

.... .. ... ..#
.# ... ... ..
.... ..##.
..... #..( #
.....##..## ...
......Z){.#..#.
..l...)@......#
......)))......
...............
...........#>..
............#..
............# .
..............
...>.........?.
...............


You could see an iguana and a centaur warrior zombie.

Vanquished Creatures
  Harold (D:8)
  3 two-headed ogres (D:9)
  A deep elf archer (Bailey)
  8 deep elf magi (Bailey)
  A troll (D:9)
  A hippogriff (D:9)
  A wyvern (D:11)
  9 yaks (D:10)
  A human (D:9)
  A hungry ghost (D:7)
  A warg (D:9)
  2 soldier ants (D:8)
  An ice beast (D:7)
  2 orc warriors (D:9)
  4 sky beasts
  2 black bears
  2 phantoms
  2 eyes of draining (D:10)
  8 ogres
  10 centaurs
  2 big kobolds (D:10)
  7 bullfrogs
  3 scorpions
  7 killer bees
  5 wights (D:7)
  A vampire bat (D:5)
  3 howler monkeys (D:8)
  2 crimson imps
  A bullfrog zombie (D:10)
  3 jellies (D:7)
  A hound (D:10)
  4 orc priests
  2 quasits
  Crazy Yiuf (D:6)
  6 orc wizards
  3 bullfrog skeletons
  2 iguanas
  8 worker ants
  A hound zombie (D:5)
  A hound skeleton (D:7)
  A worker ant zombie (D:10)
  Robin (D:4)
  A howler monkey skeleton (D:9)
  4 gnolls (D:6)
  5 adders
  2 shadow imps
  An adder zombie (D:7)
  An adder skeleton (D:7)
  2 worms
  A dart slug (D:4)
  3 fire bats (D:5)
  33 orcs
  2 spectral bats (D:5)
  3 bat skeletons (D:5)
  A bat zombie (D:5)
  2 giant cockroaches
  9 goblins (D:4)
  2 hobgoblins (D:4)
  8 jackals
  4 kobolds (D:10)
  2 quokkas
  A ball python (D:5)
  9 bats (D:5)
  A bat simulacrum (D:5)
  3 frilled lizards (D:4)
  A jackal skeleton (D:4)
  A leopard gecko zombie (D:6)
  A quokka skeleton (D:7)
  A quokka zombie (D:6)
  3 rats
  A spectral orc (D:4)
234 creatures vanquished.

Vanquished Creatures (others)
  A fungus (D:4)
  A plant (D:4)
2 creatures vanquished.

Grand Total: 236 creatures vanquished

Notes
Turn   | Place    | Note
-------+----------+-------------------------------------------
     0 | D:1      | Lanoc the Gnoll Gladiator began the quest for the Orb.
     0 | D:1      | Reached XP level 1. HP: 20/20 MP: 1/1
   154 | D:3      | Reached XP level 2. HP: 26/26 MP: 2/2
   221 | D:4      | Noticed an ogre
   226 | D:4      | Killed an ogre
   226 | D:4      | Reached skill level 1 in Short Blades
   226 | D:4      | Reached skill level 1 in Long Blades
   226 | D:4      | Reached skill level 1 in Maces & Flails
   226 | D:4      | Reached skill level 1 in Polearms
   226 | D:4      | Reached skill level 1 in Staves
   226 | D:4      | Reached skill level 1 in Slings
   226 | D:4      | Reached skill level 1 in Bows
   226 | D:4      | Reached skill level 1 in Crossbows
   226 | D:4      | Reached skill level 1 in Armour
   226 | D:4      | Reached skill level 1 in Stealth
   226 | D:4      | Reached skill level 1 in Shields
   226 | D:4      | Reached skill level 1 in Unarmed Combat
   226 | D:4      | Reached skill level 1 in Spellcasting
   226 | D:4      | Reached skill level 1 in Conjurations
   226 | D:4      | Reached skill level 1 in Hexes
   226 | D:4      | Reached skill level 1 in Charms
   226 | D:4      | Reached skill level 1 in Summonings
   226 | D:4      | Reached skill level 1 in Necromancy
   226 | D:4      | Reached skill level 1 in Translocations
   226 | D:4      | Reached skill level 1 in Transmutations
   226 | D:4      | Reached skill level 1 in Fire Magic
   226 | D:4      | Reached skill level 1 in Ice Magic
   226 | D:4      | Reached skill level 1 in Air Magic
   226 | D:4      | Reached skill level 1 in Earth Magic
   226 | D:4      | Reached skill level 1 in Poison Magic
   226 | D:4      | Reached skill level 1 in Invocations
   226 | D:4      | Reached skill level 1 in Evocations
   226 | D:4      | Reached XP level 3. HP: 12/31 MP: 2/4
   226 | D:4      | Reached XP level 4. HP: 15/38 MP: 2/5
   499 | D:4      | Noticed Robin
   503 | D:4      | Reached XP level 5. HP: 40/43 MP: 6/6
   512 | D:4      | Killed Robin
   696 | D:4      | Got a faintly glowing ring mail
   707 | D:4      | Identified the cursed +1 ring mail of Xeongeq {Dex+5} (You
                  | found it on level 4 of the Dungeon)
  1054 | D:4      | Found a runed translucent gate.
  1054 | D:4      | Found a runed translucent gate.
  1054 | D:4      | Noticed Amnesiac's ghost (novice DEFi)
  1055 | D:4      | Found a runed translucent gate.
  1055 | D:4      | Identified the +11 dagger of Omiz {elec, rN+ Int+3}
  1055 | D:4      | Noticed a big kobold
  1055 | D:4      | Noticed a big kobold
  1072 | D:4      | Found Voattol's Antique Weapon Shop.
  1103 | D:4      | Found a basalt altar of Yredelemnul.
  1203 | D:4      | Found a burning altar of Makhleb.
  1208 | D:4      | Became a worshipper of Makhleb the Destroyer
  1226 | D:5      | Entered Level 5 of the Dungeon
  1538 | D:5      | Noticed a sky beast
  1550 | D:5      | Killed a sky beast
  1550 | D:5      | Reached XP level 6. HP: 25/50 MP: 8/8
  1779 | D:5      | Reached skill level 5 in Fighting
  1779 | D:5      | Reached skill level 5 in Throwing
  1839 | D:5      | Reached * piety under Makhleb
  1923 | D:6      | Reached XP level 7. HP: 43/56 MP: 10/10
  2272 | D:6      | Found a runed translucent door.
  2273 | D:6      | Noticed Crazy Yiuf
  2367 | D:6      | Reached XP level 8. HP: 40/63 MP: 10/12
  2521 | D:6      | Found a staircase to the Ecumenical Temple.
  2525 | Temple   | Entered the Ecumenical Temple
  2814 | D:6      | Found a shimmering altar of Xom.
  3066 | D:6      | Found a shimmering blue altar of Sif Muna.
  3213 | D:6      | Killed Crazy Yiuf
  3483 | D:7      | Reached ** piety under Makhleb
  3725 | D:7      | Reached XP level 9. HP: 69/69 MP: 14/14
  4675 | D:7      | Found a sparkling altar of Nemelex Xobeh.
  5015 | D:8      | Found a runed translucent gate.
  5015 | D:8      | Found a runed translucent gate.
  5032 | D:8      | Noticed Harold
  5046 | D:8      | Killed Harold
  5046 | D:8      | Reached skill level 5 in Invocations
  5046 | D:8      | Reached XP level 10. HP: 53/77 MP: 15/17
  5067 | D:8      | Noticed kae's ghost (novice MfIE)
  5068 | D:8      | Found a runed translucent gate.
  5384 | D:8      | Reached skill level 5 in Short Blades
  5384 | D:8      | Reached skill level 5 in Long Blades
  5384 | D:8      | Reached skill level 5 in Maces & Flails
  5384 | D:8      | Reached skill level 5 in Polearms
  5384 | D:8      | Reached skill level 5 in Staves
  5384 | D:8      | Reached skill level 5 in Slings
  5384 | D:8      | Reached skill level 5 in Bows
  5384 | D:8      | Reached skill level 5 in Crossbows
  5384 | D:8      | Reached skill level 5 in Armour
  5384 | D:8      | Reached skill level 5 in Stealth
  5384 | D:8      | Reached skill level 5 in Shields
  5384 | D:8      | Reached skill level 5 in Unarmed Combat
  5384 | D:8      | Reached skill level 5 in Spellcasting
  5384 | D:8      | Reached skill level 5 in Evocations
  5742 | D:8      | Found a blossoming altar of Fedhas.
  5841 | D:8      | Found a viscous altar of Jiyva.
  5881 | D:9      | Found Arreod's Changing Room.
  5987 | D:9      | Found Jicaikag's General Store.
  5998 | D:9      | Found a flagged portal.
  6003 | D:9      | Reached *** piety under Makhleb
  6020 | Bailey   | Entered a bailey
  6136 | Bailey   | Noticed a deep elf mage
  6142 | Bailey   | Killed a deep elf mage
  6154 | Bailey   | Noticed a deep elf mage
  6155 | Bailey   | Noticed a deep elf mage
  6155 | Bailey   | Noticed a deep elf mage
  6156 | Bailey   | Noticed a deep elf mage
  6157 | Bailey   | Noticed a deep elf mage
  6162 | Bailey   | Killed a deep elf mage
  6167 | Bailey   | Killed a deep elf mage
  6170 | Bailey   | Killed a deep elf mage
  6184 | Bailey   | Gained mutation: You occasionally shout uncontrollably at
                  | your foes. [potion of mutation]
  6184 | Bailey   | Gained mutation: Your muscles are strong. (Str +2) [potion
                  | of mutation]
  6207 | Bailey   | Killed a deep elf mage
  6335 | Bailey   | Noticed a deep elf mage
  6345 | Bailey   | Noticed a deep elf archer
  6373 | Bailey   | Killed a deep elf mage
  6373 | Bailey   | Reached XP level 11. HP: 23/84 MP: 19/19
  6633 | Bailey   | Killed a deep elf mage
  6647 | Bailey   | Noticed a deep elf mage
  6652 | Bailey   | Killed a deep elf mage
  6712 | Bailey   | Killed a deep elf archer
  6712 | Bailey   | Reached skill level 5 in Conjurations
  6712 | Bailey   | Reached skill level 5 in Hexes
  6712 | Bailey   | Reached skill level 5 in Charms
  6712 | Bailey   | Reached skill level 5 in Summonings
  6712 | Bailey   | Reached skill level 5 in Necromancy
  6712 | Bailey   | Reached skill level 5 in Translocations
  6712 | Bailey   | Reached skill level 5 in Transmutations
  6712 | Bailey   | Reached skill level 5 in Fire Magic
  6712 | Bailey   | Reached skill level 5 in Ice Magic
  6712 | Bailey   | Reached skill level 5 in Air Magic
  6712 | Bailey   | Reached skill level 5 in Earth Magic
  6712 | Bailey   | Reached skill level 5 in Poison Magic
  6766 | D:9      | Noticed a two-headed ogre
  6777 | D:9      | Killed a two-headed ogre
  7065 | D:9      | Noticed a two-headed ogre
  7077 | D:9      | Killed a two-headed ogre
  7238 | D:9      | Found a staircase to the Orcish Mines.
  7704 | D:9      | Noticed a two-headed ogre
  7713 | D:9      | Killed a two-headed ogre
  7945 | D:9      | Found an iron altar of Okawaru.
  7945 | D:9      | Found a white marble altar of Elyvilon.
  8099 | D:9      | Found a hazy altar of Hepliaklqana.
  8120 | D:10     | Entered Level 10 of the Dungeon
  8199 | D:10     | Reached **** piety under Makhleb
  8385 | D:10     | Reached XP level 12. HP: 82/93 MP: 11/22
  8880 | D:11     | HP: 3/94 [something/vampiric draining (9)]
  8880 | D:11     | Slain by a centaur warrior zombie

Illustrated notes

Levels and vault maps discovered:
D:1:      lemuel_arrival_cross, layout_rooms
D:2:      cheibrodos_old_hovel, layout_basic, uniq_natasha
D:3:      layout_rooms, grunt_temple_overflow_open
D:4:      layout_basic, yredelemnul_forgotten_temple_becter,
          lightli_temple_of_fire, first_ration, serial_shops, shop,
          gammafunk_ghost_nasty_kobolds, uniq_robin
D:5:      layout_gridville, goddamned_bats
D:6:      layout_basic, overflow_temple_1_default, tgw_sif,
          minmay_temple_entry_glassed_door, uniq_crazy_yiuf_cottage
D:7:      layout_layer_cave, marbit_many_paths
D:8:      layout_loops_ring, nicolae_overflow_hidden_temple,
          gammafunk_ghost_ooze, hangedman_pestilent_swarm, uniq_harold
D:9:      layout_basic, amethyst_overflow_temple_binary, kennysheep_mini,
          erik_orc_4, enter_bailey_2, serial_shops, shop,
          nicolae_transmutations_shop
D:10:     layout_cave_pools
D:11:     old_forge, layout_cave_pools, dpeg_oklobed_lair, serial_shops,
          nicolae_shop_stone
Temple:   minmay_temple_curvy_loop

Skill      XL: |  1  2  3  4  5  6  7  8  9 10 11 |
---------------+----------------------------------+-----
Short Blades   | 1 2 3 4 5 6 |  6.8
Long Blades    | 1 2 3 4 5 6 |  6.8
Maces & Flails | 1 2 3 4 5 6 |  6.8
Polearms       | 1 2 3 4 5 6 |  6.8
Staves         | 1 2 3 4 5 6 |  6.8
Slings         | 1 2 3 4 5 6 |  6.8
Bows           | 1 2 3 4 5 6 |  6.8
Crossbows      | 1 2 3 4 5 6 |  6.8
Armour         | 1 2 3 4 5 6 |  6.8
Stealth        | 1 2 3 4 5 6 |  6.8
Shields        | 1 2 3 4 5 6 |  6.8
Unarmed Combat | 1 2 3 4 5 6 |  6.8
Spellcasting   | 1 2 3 4 5 6 |  6.8
Conjurations   | 1 2 3 4 5 |  5.7
Hexes          | 1 2 3 4 5 |  5.7
Charms         | 1 2 3 4 5 |  5.7
Summonings     | 1 2 3 4 5 |  5.7
Necromancy     | 1 2 3 4 5 |  5.7
Translocations | 1 2 3 4 5 |  5.7
Transmutations | 1 2 3 4 5 |  5.7
Fire Magic     | 1 2 3 4 5 |  5.7
Ice Magic      | 1 2 3 4 5 |  5.7
Air Magic      | 1 2 3 4 5 |  5.7
Earth Magic    | 1 2 3 4 5 |  5.7
Poison Magic   | 1 2 3 4 5 |  5.7
Invocations    | 1 2 3 4 5 6 7 |  7.5
Evocations     | 1 2 3 4 5 6 |  6.8
Fighting       | 5 6 7 8 |  8.3
Throwing       | 5 6 7 8 |  8.3
Axes           | 7 8 9 |  9.5
Dodging        | 7 8 9 |  9.5

Action                   |  1- 3 |  4- 6 |  7- 9 | 10-12 || total
-------------------------+-------+-------+-------+-------++-------
Melee: War axe           |    26 |    88 |   212 |   351 ||   677
       Bite              |     2 |     8 |    36 |    69 ||   115
  Use: Potion            |       |       |       |    12 ||    12
       Scroll            |       |       |       |    11 ||    11
 Stab: Sleeping          |     1 |     3 |     6 |    11 ||    21
       Distracted        |       |       |       |     2 ||     2
  Eat: Chunk             |       |     3 |     5 |    11 ||    19
       Ration            |       |       |     2 |       ||     2
Armor: Leather armour    |     3 |     5 |       |       ||     8
       Ring mail         |       |    36 |    54 |    79 ||   169
       Skin              |       |       |       |     6 ||     6
Dodge: Dodged            |    20 |    84 |   102 |   173 ||   379
Block: Kite shield       |       |    43 |    97 |   224 ||   364

Table legend:
 A = Non-vault XP
 B = Vault XP
 C = Vault XP percentage of total XP
 D = Non-vault monster count
 E = Vault monster count
 F = Vault count percentage of total count
                 A         B        C        D         E       F
            +---------+---------+-------+---------+---------+-------
      Total |   12367 |    7825 |  38.8 |     168 |      66 |  28.2
            +---------+---------+-------+---------+---------+-------
        D:2 |       2 |       0 |   0.0 |       2 |       0 |   0.0
        D:3 |      22 |       0 |   0.0 |       8 |       0 |   0.0
        D:4 |     157 |      38 |  19.5 |       9 |      13 |  59.1
        D:5 |     158 |     172 |  52.1 |       5 |      20 |  80.0
        D:6 |    1130 |      78 |   6.5 |      19 |       2 |   9.5
        D:7 |    1666 |      90 |   5.1 |      35 |       1 |   2.8
        D:8 |     877 |    1377 |  61.1 |      16 |       5 |  23.8
        D:9 |    3830 |     731 |  16.0 |      22 |      16 |  42.1
       D:10 |    3327 |       0 |   0.0 |      38 |       0 |   0.0
       D:11 |    1198 |       0 |   0.0 |      14 |       0 |   0.0
     Bailey |       0 |    5339 | 100.0 |       0 |       9 | 100.0
            +---------+---------+-------+---------+---------+-------
